 Dungeon Crawl Stone Soup version 0.28.0-43-g3370ac3207 (webtiles) character file.

Game seed: 18366113660826732436

1980 adizb the Ruffian (level 9, -7/85 HPs)
             Began as a Troll Monk on Mar 7, 2022.
             Mangled by a boulder beetle (27 damage)
             ... on level 6 of the Dungeon.
             The game lasted 00:19:38 (3708 turns).

adizb the Ruffian (Troll Monk)                      Turns: 3708, Time: 00:19:39

Health: -7/85      AC:  4    Str: 23    XL:     9   Next: 1%
Magic:  11/11      EV: 12    Int:  6    God:
Gold:   96         SH:  0    Dex: 14    Spells: 8/8 levels left

rFire   . . .      SeeInvis .     - Unarmed
rCold   . . .      Faith    .   (no shield)
rNeg    . . .      Spirit   .   a - +0 robe
rPois   .          Reflect  .   (helmet restricted)
rElec   .          Harm     .   (no cloak)
rCorr   .          Rampage  .   (gloves unavailable)
Will    .....                   (boots unavailable)
Stlth   ++........              (no amulet)
HPRegen 1.04/turn               (no ring)
MPRegen 0.12/turn               (no ring)

@: no status effects
A: large, unfitting armour, claws 3, regeneration 1, shaggy fur 1, tough skin 1
a: no special abilities


You were on level 6 of the Dungeon.
You visited 1 branch of the dungeon, and saw 6 of its levels.

You collected 248 gold pieces.
You spent 152 gold pieces at shops.

Inventory:

Missiles
 e - 18 poisoned darts (quivered)
 j - 3 large rocks
Armour
 a - a +0 robe (worn)
Jewellery
 g - a ring of ice
Wands
 i - a wand of polymorph (10)
 o - a wand of charming (10)
Scrolls
 d - a scroll of fear
 m - a scroll of fog
 n - a scroll of blinking {unknown}
 r - a scroll of vulnerability {unknown}
 s - a scroll of enchant weapon {unknown}
Potions
 b - 2 potions of mutation {unknown}
 c - 2 potions of haste {unknown}
 f - 2 potions of brilliance
 h - a potion of lignification {unknown}
 k - a potion of cancellation {unknown}
 l - a potion of degeneration {unknown}
 p - a potion of curing
 q - a potion of might {unknown}


   Skills:
 + Level 4.6 Fighting
 * Level 6.1 Dodging
 - Level 1.0 Stealth
 * Level 7.5 Unarmed Combat
 + Level 4.1 Invocations


You had 8 spell levels left.
You didn't know any spells.
Your spell library contained the following spells:

 Spells                   Type           Power      Damage    Failure   Level
 Animate Skeleton         Necr           0%         N/A       45%         1
 Pain                     Necr           0%         1d4       45%         1
 Ensorcelled Hibernation  Hex/Ice        0%         N/A       58%         2
 Static Discharge         Conj/Air       0%         N/A       58%         2
 Spider Form              Tmut/Pois      0%         N/A       83%         3
 Summon Guardian Golem    Hex/Summ       0%         N/A       83%         3
 Vampiric Draining        Necr           0%         2d6       83%         3
 Anguish                  Hex/Necr       0%         N/A       99%         4
 Dispel Undead            Necr           0%         3d6       99%         4
 Fulminant Prism          Conj/Hex       0%         3d6       99%         4
 Iskenderun's Mystic Bla  Conj/Tloc      0%         2d3       99%         4
 Passage of Golubria      Tloc           0%         N/A       99%         4
 Sticky Flame             Conj/Fire      0%         2d3       99%         4
 Lee's Rapid Deconstruct  Erth           0%         3d5*      100%        5
 Silence                  Hex/Air        0%         N/A       100%        5
 Orb of Destruction       Conj           0%         9d5       100%        7
 Spellforged Servitor     Conj/Summ      0%         N/A       100%        7
 Lehudib's Crystal Spear  Conj/Erth      0%         10d2      100%        8


Dungeon Overview and Level Annotations

Branches:
Dungeon (6/15)
 Temple: D:4-7

Altars:
Fedhas
Kikubaaqudgha
Okawaru
Sif Muna
Vehumet
Yredelemnul

Shops:
D:4 *=


Innate Abilities, Weirdness & Mutations

You are too large for most types of armour.
You have claws for hands.
Your natural rate of healing is unusually fast.
You are covered in fur. (AC +1)
You have tough skin. (AC +1)


Message History

The two-headed ogre moves out of view.
The boulder beetle curls into a ball and begins rolling!
Things that are here:
a killer bee corpse; a killer bee corpse You see here a +0 plate armour.
The boulder beetle closely misses you.
The boulder beetle stops rolling and uncurls.
You see here a +0 hand axe.
The boulder beetle curls into a ball and begins rolling!
The boulder beetle hits you!
The boulder beetle stops rolling and uncurls.
The boulder beetle curls into a ball and begins rolling!
The boulder beetle misses you.
The boulder beetle stops rolling and uncurls.
The boulder beetle curls into a ball and begins rolling!
The boulder beetle hits you!
The boulder beetle stops rolling and uncurls.
The boulder beetle leaps!
Okay, then.
Okay, then.
As you read the scroll labelled HIUZOISAWE, it crumbles to dust.
The scroll dissolves into smoke.
It was a scroll of fog.
The boulder beetle bites you!!
Throw: 20 darts (poison)
Press: ? - help, Q - select action, (/) - cycle Shift-Dir - straight line, f - boulder beetle
Aim: a boulder beetle (blue smoke, 90% to hit)
You throw a poisoned dart.
The poisoned dart hits the boulder beetle.
The boulder beetle is poisoned.
The boulder beetle bites you!!
Throw: 19 darts (poison)
Press: ? - help, Q - select action, (/) - cycle Shift-Dir - straight line, f/p - boulder beetle
Aim: a boulder beetle (blue smoke, poisoned, 90% to hit)
You throw a poisoned dart.
The poisoned dart hits the boulder beetle.
The boulder beetle looks even sicker.
The boulder beetle bites you!
* * * LOW HITPOINT WARNING * * *
You feel better. The boulder beetle bites you!!
You die...

#.# #.# #.#
#########.#
#.........# .##
##.#########
....##...##
..........#########
#####......§B@§O.#
##.#########§# #.#
#°# #.# #.# #.# #.#
#.# #.# #.# #O# #.#
#.# #.# #.#######


You could see a boulder beetle (very poisoned) and a two-headed ogre.

Vanquished Creatures
  Grinder (D:4)
  Sigmund (D:2)
  2 orc warriors
  A necrophage (D:5)
  A phantom (D:5)
  A kobold brigand (D:5)
  2 water moccasin zombies
  A scorpion (D:5)
  2 water moccasin skeletons (D:4)
  3 killer bees (D:6)
  5 wights (D:5)
  A howler monkey (D:4)
  2 bullfrog zombies (D:5)
  2 jellies (D:5)
  2 hounds
  A gnoll shaman (D:5)
  An orc priest (D:3)
  A centaur skeleton (D:4)
  An orc wizard (D:4)
  A hound skeleton (D:4)
  A howler monkey zombie (D:5)
  9 adders
  4 gnolls
  A white imp (D:5)
  An adder skeleton (D:4)
  3 worms
  2 dart slugs
  7 orcs
  3 endoplasms
  2 giant cockroaches (D:1)
  11 goblins
  12 hobgoblins
  10 jackals
  16 kobolds
  3 quokkas
  6 ball pythons
  6 bats
  5 frilled lizards
  3 rats
137 creatures vanquished.

Notes
Turn   | Place    | Note
-------+----------+-------------------------------------------
     0 | D:1      | adizb the Troll Monk began the quest for the Orb.
     0 | D:1      | Reached XP level 1. HP: 22/22 MP: 0/0
    37 | D:1      | Reached XP level 2. HP: 23/29 MP: 1/1
   298 | D:1      | Reached XP level 3. HP: 36/36 MP: 2/2
   578 | D:2      | Found a faded altar of an unknown god.
   617 | D:2      | Reached skill level 1 in Invocations
   757 | D:2      | Noticed Sigmund
   768 | D:2      | Killed Sigmund
   769 | D:2      | Reached skill level 4 in Unarmed Combat
   769 | D:2      | Reached XP level 4. HP: 23/45 MP: 2/4
   769 | D:2      | Reached XP level 5. HP: 27/53 MP: 2/5
  1250 | D:3      | Found a basalt altar of Yredelemnul.
  1414 | D:3      | Reached XP level 6. HP: 49/61 MP: 6/6
  1568 | D:3      | Found a blossoming altar of Fedhas.
  2140 | D:4      | Noticed Grinder
  2145 | D:4      | Reached skill level 5 in Unarmed Combat
  2147 | D:4      | Paralysed by Grinder for 2 turns
  2151 | D:4      | Killed Grinder
  2152 | D:4      | Reached XP level 7. HP: 35/67 MP: 7/7
  2326 | D:4      | Found Xiaklun's Assorted Antiques.
  2331 | D:4      | Bought a viscous cyan potion for 18 gold pieces
  2331 | D:4      | Bought a scroll labelled HIUZOISAWE for 20 gold pieces
  2331 | D:4      | Bought a scroll labelled XIEZIDGH ETTENT for 20 gold pieces
  2331 | D:4      | Bought a viscous cyan potion for 18 gold pieces
  2331 | D:4      | Bought a scroll of identify for 40 gold pieces
  2331 | D:4      | Bought a white potion for 18 gold pieces
  2331 | D:4      | Bought a bubbling golden potion for 18 gold pieces
  2508 | D:4      | Reached skill level 6 in Unarmed Combat
  2533 | D:4      | Found an iron altar of Okawaru.
  2656 | D:4      | Found Codyag Xouts's Jewellery Emporium.
  2760 | D:5      | Entered Level 5 of the Dungeon
  2773 | D:5      | Reached skill level 5 in Dodging
  2778 | D:5      | Found a radiant altar of Vehumet.
  2849 | D:5      | Reached XP level 8. HP: 36/70 MP: 9/9
  2940 | D:5      | Found an ancient bone altar of Kikubaaqudgha.
  3084 | D:5      | Found a shimmering blue altar of Sif Muna.
  3131 | D:5      | Reached skill level 7 in Unarmed Combat
  3656 | D:6      | Reached XP level 9. HP: 66/85 MP: 11/11
  3675 | D:6      | Noticed a boulder beetle
  3675 | D:6      | Noticed a two-headed ogre
  3708 | D:6      | Mangled by a boulder beetle

Illustrated notes

Levels and vault maps discovered:
D:1:      dpeg_arrival_arbitrary_b, layout_loops_cross, minmay_worlds_worst_comb
D:2:      layout_loops_cross, shapermc_ecumenical_altar_mp_highgroup,
          uniq_sigmund
D:3:      layout_loops_ring, fedhas_altar_4, mainiacjoe_overflow_alcove_4
D:4:      layout_gridville, lemuel_doored_altar, serial_shops, shop, shop,
          hex_large, uniq_grinder
D:5:      layout_loops_ring, mainiacjoe_overflow_concentric_impassable,
          mainiacjoe_overflow_boulevard, mainiacjoe_overflow_tiny_flanked,
          minmay_chambers_of_fives
D:6:      minmay_chambers_of_sixes, layout_loops_ring,
          minmay_temple_entry_fiery, minmay_three_doors

Skill      XL: |  1  2  3  4  5  6  7  8 |
---------------+-------------------------+-----
Invocations    | 1 2 3 4 |  4.1
Dodging        | 3 4 5 6 |  6.1
Fighting       | 3 4 |  4.6
Unarmed Combat | 4 5 6 7 |  7.5
Stealth        | |  1.0

Action                   |  1- 3 |  4- 6 |  7- 9 || total
-------------------------+-------+-------+-------++-------
Melee: Unarmed           |   105 |   113 |   209 ||   427
       Punch             |     2 |     4 |    12 ||    18
Throw: Dart              |       |       |     2 ||     2
  Use: Scroll            |     2 |       |     5 ||     7
       Potion            |       |       |     4 ||     4
 Stab: Sleeping          |     3 |     1 |     1 ||     5
       Distracted        |     2 |       |       ||     2
Armor: Robe              |    38 |    29 |    35 ||   102
Dodge: Dodged            |    40 |    58 |   117 ||   215
